 Dungeon Crawl Stone Soup version 0.27-a0-341-g40fdf68bc5 (webtiles) character file.

Game seed: 11944914979017183913

121758 ReteAZ the Warrior (level 17, -1/142 HPs)
             Began as a Human Ice Elementalist on Feb 14, 2021.
             Was the Champion of Ashenzari.
             Slain by a water elemental (11 damage)
             ... on level 3 of the Shoals.
             The game lasted 01:42:47 (31337 turns).

ReteAZ the Warrior (Human Ice Elementalist)        Turns: 31337, Time: 01:42:47

Health: -1/142     AC: 22    Str: 13    XL:     17   Next: 40%
Magic:  27/29      EV: 20    Int: 23    God:    Ashenzari [******]
Gold:   1642       SH:  6    Dex: 13    Spells: 15/32 levels left

rFire    + + +     SeeInvis +   a - +6 falchion of Tortfeasance {drain, rF++ Dex-2}
rCold    + . .     Faith    .   u - +0 buckler (curse)
rNeg     . . .     Spirit   .   d - +4 scale mail of the Wumpus {*Drain Regen+ Str+3} (curse)
rPois    .         Reflect  .   v - +1 helmet {Int+3} (curse)
rElec    .         Harm     .   Z - scarf {rC+ rF+} (curse)
rCorr    .         Rampage  .   X - +2 pair of gloves (curse)
Will     +....     Clarity  +   n - +2 pair of boots (curse)
Stlth    +.........             R - amulet of regeneration (curse)
HPRegen  2.33/turn              e - ring of wizardry (curse)
MPRegen  0.21/turn              l - +4 ring of evasion (curse)

@: mighty, engulfed (cannot breathe), very slightly contaminated, invisible,
very slow
A: subdued magic 1
a: Renounce Religion, Curse Item, Scrying, Transfer Knowledge


You were on level 3 of the Shoals.
You worshipped Ashenzari.
Ashenzari was exalted by your worship.
You visited 5 branches of the dungeon, and saw 24 of its levels.
You also visited: Ice Cave and Volcano.

You collected 2767 gold pieces.
You spent 1125 gold pieces at shops.

Inventory:

Hand Weapons
 a - the +6 falchion of Tortfeasance (weapon) {drain, rF++ Dex-2}
   (You found it on level 4 of the Dungeon)

   A truly terrible weapon, it drains the life of those it strikes.
   It affects your dexterity (-2).
   It greatly protects you from fire.
 b - a +3 scimitar of flaming
Missiles
 t - 17 silver javelins
 V - 64 poisoned darts (quivered)
 W - 5 throwing nets
Armour
 d - the cursed +4 scale mail of the Wumpus (worn) {*Drain Regen+ Str+3}
   (You bought it in a shop on level 2 of the Orcish Mines)

   It affects your strength (+3).
   It increases your rate of regeneration.
   It causes draining when unequipped.
   It has a curse placed upon it.
 n - a cursed +2 pair of boots (worn)
 u - a cursed +0 buckler (worn)
 v - a cursed +1 helmet of intelligence (worn)
 K - a +1 pair of boots of flying
 X - a cursed +2 pair of gloves (worn)
 Z - a cursed scarf of resistance (worn)
Magical Staves
 C - a staff of air
Jewellery
 e - a cursed ring of wizardry (left hand)
 k - a +6 ring of intelligence
 l - a cursed +4 ring of evasion (right hand)
 y - a ring of fire
 B - an amulet of reflection
 H - a +4 ring of protection
 R - a cursed amulet of regeneration (around neck)
Wands
 s - a wand of digging (4)
 z - a wand of charming (10)
 F - a wand of flame (23)
 L - a wand of mindburst (2)
 M - a wand of paralysis (6)
 O - a wand of iceblast (9)
Scrolls
 f - 4 scrolls of amnesia
 h - 7 scrolls of identify
 j - 13 scrolls of teleportation
 q - a scroll of immolation
 r - 3 scrolls of noise
 D - a scroll of vulnerability
 G - a scroll of enchant weapon
 I - 3 scrolls of magic mapping
 N - 2 scrolls of fog
 S - 4 scrolls of enchant armour
 U - a scroll of fear
Potions
 c - 13 potions of curing
 g - 3 potions of brilliance
 i - 3 potions of heal wounds
 m - 4 potions of ambrosia
 o - 2 potions of might
 p - 7 potions of flight
 w - 3 potions of attraction
 x - 2 potions of lignification
 A - 2 potions of resistance
 E - 5 potions of mutation
 J - a potion of haste
 Q - a potion of berserk rage
 T - a potion of magic


   Skills:
 - Level 15.0 Fighting
 - Level 14.0 Long Blades
 + Level 6.3(10.8) Armour
 + Level 10.2(14.4) Dodging
 - Level 3.1 Stealth
 + Level 4.4(7.3) Shields
 - Level 8.0 Spellcasting
 + Level 1.7(4.8) Necromancy
 - Level 8.7(13.1) Transmutations
 - Level 10.3(14.5) Ice Magic
 - Level 8.6(13.0) Earth Magic


You had 15 spell levels left.
You knew the following spells:

 Your Spells              Type           Power        Failure   Level
a - Freeze                Ice            100%         1%          1
b - Frozen Ramparts       Ice            100%         1%          3
c - Ozocubu's Armour      Ice            55%          1%          3
d - Statue Form           Tmut/Erth      34%          6%          6
e - Dispel Undead         Necr           24%          12%         4

Your spell library contained the following spells:

 Spells                   Type           Power        Failure   Level
 Ensorcelled Hibernation  Hex/Ice        68%          1%          2
 Sublimation of Blood     Necr           12%          1%          2
 Hailstorm                Conj/Ice       34%          3%          4
 Summon Ice Beast         Ice/Summ       34%          3%          4
 Corpse Rot               Necr/Air       N/A          4%          2
 Apportation              Tloc           18%          6%          1
 Corona                   Hex            10%          6%          1
 Hydra Form               Tmut           26%          6%          6
 Irradiate                Conj/Tmut      15%          13%         5
 Confusing Touch          Hex            9%           19%         3
 Dazzling Flash           Conj/Hex       18%          19%         3
 Portal Projectile        Hex/Tloc       18%          19%         3
 Tukima's Dance           Hex            9%           19%         3
 Agony                    Necr           24%          30%         5
 Excruciating Wounds      Necr           12%          30%         5
 Bolt of Magma            Conj/Fire/Erth 12%          32%         5
 Dragon Form              Tmut           26%          32%         7
 Iron Shot                Conj/Erth      15%          58%         6
 Freezing Cloud           Conj/Ice/Air   12%          80%         6
 Iskenderun's Battlesphe  Conj           9%           85%         5
 Conjure Ball Lightning   Conj/Air       4%           100%        6
 Orb of Destruction       Conj           4%           100%        7
 Spellforged Servitor     Conj/Summ      4%           100%        7


Dungeon Overview and Level Annotations

Branches:
Dungeon (12/15)            Temple (1/1) D:7            Lair (6/6) D:8
 Shoals (3/4) Lair:3        Snake (0/4) Lair:4        Slime (0/5) Lair:5
    Orc (2/2) D:12            Elf (0/3) Orc:2         IceCv (visited)
Volcano (visited)

Altars:
Ashenzari
Cheibriados
Dithmenos
Fedhas
Gozag
Makhleb
Okawaru
Qazlal
Ru
Sif Muna
Trog
Uskayaw
Vehumet
Wu Jian
Xom
Yredelemnul
The Shining One

Shops:
D:12 (   Orc:2 *[=(   Shoals:3 [

Annotations:
D:3 2 transporters, Raphroland's ghost, amateur DsCK
D:4 3 runed translucent doors, Zero's ghost, amateur SpEn
D:5 Menkaure
D:12 1 exclusion
Lair:2 exclusion: 2 oklob plants
Lair:5 exclusion: 3 oklob plants
Lair:6 exclusion: 2 oklob plants
Orc:2 3 runed translucent doors, britomartis's ghost, adept OpDe


Innate Abilities, Weirdness & Mutations

Your spells are a little easier to cast, but a little less powerful.


Message History

* * * LOW HITPOINT WARNING * * *
Your lungs strain for air!
The water elemental misses you. x2; The water elemental barely misses you.
Aiming: Throw Flame
Press: ? - help, Shift-Dir - straight line, f - merfolk aquamancer
Aim: a merfolk aquamancer, wielding a +2 rapier of distortion and wearing a +0 robe (water, almost dead, lightly drained, 40% to evade)
The puff of flame hits the water elemental!
The water elemental is burned terribly!
The water elemental is moderately damaged.
* * * LOW HITPOINT WARNING * * *
Your lungs strain for air!
The water elemental is engulfed in a cloud of scalding steam.
The water elemental misses you.
You riposte.
Your unstable footing causes you to fumble your attack.
The water elemental hits you. x2
Aiming: Throw Flame
Press: ? - help, Shift-Dir - straight line, f/p - merfolk aquamancer
Aim: a merfolk aquamancer, wielding a +2 rapier of distortion and wearing a +0 robe (water, almost dead, lightly drained, 40% to evade)
The puff of flame misses the water elemental.
The puff of flame hits the merfolk aquamancer.
The merfolk aquamancer is almost dead.
* * * LOW HITPOINT WARNING * * *
Your lungs strain for air!
The merfolk aquamancer is engulfed in a cloud of scalding steam.
You kill the merfolk aquamancer!
You hear a splash. x2
The water elemental is engulfed in a cloud of scalding steam.
You block the water elemental's attack. The water elemental closely misses you.
You riposte.
Your unstable footing causes you to fumble your attack.
The water elemental hits you.
* * * LOW HITPOINT WARNING * * *
You feel much better.
* * * LOW HITPOINT WARNING * * *
Your lungs strain for air!
The water elemental is engulfed in a cloud of scalding steam.
The water elemental hits you!
* * * LOW HITPOINT WARNING * * *
You block the water elemental's attack. The water elemental hits you!
You die...

≈≈≈≈≈≈≈.##
#.†≈..≈≈≈≈≈≈≈.....≈≈≈
≈≈≈≈≈≈≈..## ##†..≈≈≈≈≈≈≈
* .≈≈≈
≈≈≈≈≈≈≈...####....≈≈≈≈≈.*
.≈≈≈
≈≈≈≈≈≈≈≈.......≈≈.≈≈≈≈≈≈*
* .≈≈≈
≈≈≈≈≈≈≈.###...≈...≈≈≈≈≈.*
*,.≈≈≈
≈≈≈≈≈≈≈..##.....#.≈≈≈≈≈.
* ≈≈≈≈
≈≈≈≈≈≈≈≈..........§≈≈≈≈.*
*,,≈≈≈≈
≈≈≈≈≈≈≈≈.......EEE..≈≈≈.
, ≈≈≈
≈≈≈≈≈≈≈.....###@≈###..∆ *
≈≈≈ ≈≈≈≈≈≈≈....#*#### * ,
* ≈≈ ≈≈ ≈≈≈≈≈≈≈...#* * ,
,≈ ≈≈ ≈ ≈≈≈≈≈≈≈≈≈≈.... ,
** ,, ≈ ≈ ≈≈≈ ≈
≈≈≈≈≈≈≈≈≈≈...., * ≈≈≈ ≈
≈≈ ≈ ≈≈≈≈≈≈≈≈≈≈≈≈≈≈E. ≈
≈≈≈≈ ≈ ≈≈≈≈≈≈≈≈≈≈≈≈≈≈≈≈≈≈
≈ ≈ ≈≈≈≈≈ ≈
≈≈≈≈≈≈≈≈≈≈≈≈E≈≈ ≈≈≈ ≈
≈≈≈≈≈≈ ≈≈ ≈ ≈≈ ≈≈ ≈≈≈≈ ≈
≈ ≈≈ ≈ ≈ ≈≈


You could see 3 water elementals.

Vanquished Creatures
  Rupert (Lair:6)
  Polyphemus (Shoals:2)
  Ilsuiw (Shoals:2)
  2 orc warlords
  Louise (Shoals:1)
  Nessos (Lair:4)
  Azrael (Orc:2)
  A fire dragon (Lair:6)
  A merfolk javelineer (Shoals:2)
  3 merfolk impalers
  A merfolk avatar (Shoals:1)
  5 hydras
  2 merfolk aquamancers (Shoals:3)
  5 two-headed ogres
  4 catoblepae
  14 death yaks
  An alligator snapping turtle (Shoals:3)
  3 orc high priests (Orc:2)
  A sun demon (Volcano)
  10 sea snakes
  An unseen horror (D:11)
  A swamp dragon (Lair:6)
  2 deep elf pyromancers (D:12)
  21 harpies
  6 orc knights (Orc:2)
  2 cyclopes
  6 orc sorcerers
  5 slime creatures (D:12)
  A faun (Shoals:1)
  3 ugly things
  An oklob plant (Lair:5)
  4 manticores
  12 elephants
  A merfolk siren (Shoals:2)
  7 water nymphs
  5 torpor snails
  A gargoyle (D:10)
  An ice statue (Shoals:1)
  11 komodo dragons
  22 cane toads
  5 rime drakes
  An anaconda simulacrum (IceCv)
  A kobold demonologist (D:11)
  A red devil (Volcano)
  A polar bear (Lair:1)
  17 merfolk
  10 trolls
  22 blink frogs
  6 snapping turtles
  A wraith (D:11)
  7 water elementals
  2 shadows (D:11)
  Grum (D:9)
  39 yaks
  5 wyverns
  6 basilisks
  5 fire elementals (Orc:2)
  4 wargs
  2 steam dragons
  A harpy simulacrum (IceCv)
  3 nagas (Lair:4)
  A soldier ant (D:11)
  3 acid dragons (Lair:6)
  21 water moccasins
  8 hell hounds
  A hydra simulacrum (IceCv)
  Duvessa (D:4)
  12 ice beasts
  3 sky beasts
  An ettin simulacrum (IceCv)
  2 necrophages
  39 orc warriors
  15 ogres
  8 centaurs
  9 wolves
  3 phantoms
  2 kobold brigands
  12 bullfrogs
  A gnoll sergeant (Orc:2)
  Dowan (D:4)
  A wyvern skeleton (D:9)
  5 scorpions
  25 killer bees
  4 wights
  A lava snake (Lair:6)
  A centaur zombie (D:8)
  A bullfrog zombie (D:6)
  A quasit (D:6)
  4 hounds
  25 orc priests
  3 bullfrog skeletons
  5 jellies
  2 centaur skeletons
  3 iguanas
  32 orc wizards
  Natasha (thrice) (D:4)
  7 worker ants
  A hound skeleton (D:5)
  A worker ant zombie (D:6)
  10 adders
  7 gnolls
  4 shadow imps
  3 white imps
  An ooze (D:1)
  An adder skeleton (D:4)
  4 worms
  2 dart slugs (D:1)
  5 leopard geckos
  72 orcs
  6 bats
  2 giant cockroaches
  7 goblins
  5 hobgoblins
  7 jackals
  15 kobolds
  5 quokkas
  A ball python skeleton (D:5)
  5 frilled lizards
  A jackal skeleton (D:7)
  6 rats
749 creatures vanquished.

Vanquished Creatures (others)
  A wolf (Lair:2)
  An orc priest (Orc:2)
  A bush (Lair:6)
  A fire vortex (Lair:6)
  46 fungi
  125 plants
175 creatures vanquished.

Grand Total: 924 creatures vanquished

Notes
Turn   | Place    | Note
-------+----------+-------------------------------------------
     0 | D:1      | ReteAZ the Human Ice Elementalist began the quest for the
                  | Orb.
     0 | D:1      | Reached XP level 1. HP: 13/13 MP: 3/3
   138 | D:1      | Reached XP level 2. HP: 13/19 MP: 0/5
   777 | D:1      | Reached XP level 3. HP: 24/24 MP: 2/6
  1505 | D:2      | Learned a level 3 spell: Frozen Ramparts
  1758 | D:2      | Reached XP level 4. HP: 30/30 MP: 3/7
  2500 | D:3      | Noticed an ogre
  2619 | D:3      | Learned a level 3 spell: Ozocubu's Armour
  2706 | D:3      | Reached XP level 5. HP: 33/35 MP: 5/9
  2749 | D:3      | Noticed a centaur
  2762 | D:3      | Killed a centaur
  2763 | D:3      | Reached skill level 5 in Ice Magic
  2763 | D:3      | Reached XP level 6. HP: 20/41 MP: 6/10
  2928 | D:3      | Found a transporter.
  3373 | D:3      | Killed an ogre
  3374 | D:3      | Reached XP level 7. HP: 32/46 MP: 6/12
  3517 | D:3      | Found a transporter.
  3517 | D:3      | Noticed Raphroland's ghost (amateur DsCK)
  3734 | D:4      | Noticed Natasha
  3789 | D:4      | Killed Natasha
  4057 | D:4      | Got a glimmering falchion
  4058 | D:4      | Identified the +6 falchion of Tortfeasance {drain, rF++
                  | Dex-2} (You found it on level 4 of the Dungeon)
  4368 | D:4      | Identified Eklar's Compendium of Enchantment and the Birds
  4602 | D:4      | Noticed Natasha
  4609 | D:4      | Killed Natasha
  4752 | D:4      | Noticed Natasha
  4756 | D:4      | Killed Natasha
  4840 | D:4      | Found a runed translucent gate.
  4840 | D:4      | Found a runed translucent gate.
  4840 | D:4      | Found a runed translucent gate.
  4849 | D:4      | Noticed Duvessa
  4849 | D:4      | Noticed Dowan
  4881 | D:4      | Killed Duvessa
  4882 | D:4      | Reached skill level 1 in Shields
  4882 | D:4      | Reached XP level 8. HP: 52/52 MP: 7/14
  4940 | D:4      | Killed Dowan
  5003 | D:4      | Noticed Zero's ghost (amateur SpEn)
  5065 | D:5      | Entered Level 5 of the Dungeon
  5132 | D:5      | Reached skill level 5 in Spellcasting
  5537 | D:5      | Noticed Menkaure
  5908 | D:6      | Reached skill level 1 in Fighting
  5976 | D:6      | Reached skill level 2 in Fighting
  5976 | D:6      | Reached XP level 9. HP: 54/62 MP: 12/16
  6039 | D:6      | Reached skill level 3 in Fighting
  6054 | D:6      | Reached skill level 4 in Fighting
  6145 | D:6      | Reached skill level 5 in Fighting
  6692 | D:6      | Reached skill level 6 in Fighting
  7199 | D:7      | Found a stormy altar of Qazlal.
  7320 | D:7      | Reached skill level 7 in Fighting
  7665 | D:7      | Found a staircase to the Ecumenical Temple.
  7713 | Temple   | Entered the Ecumenical Temple
  7734 | Temple   | Became a worshipper of Ashenzari the Shackled
  7823 | D:7      | Found a hide-covered altar of Uskayaw.
  8417 | D:8      | Reached skill level 8 in Fighting
  8453 | D:8      | Reached XP level 10. HP: 65/80 MP: 13/17
  8676 | D:8      | Reached skill level 9 in Fighting
  9120 | D:8      | Noticed a komodo dragon
  9136 | D:8      | Killed a komodo dragon
  9137 | D:8      | Reached skill level 10 in Fighting
  9234 | D:8      | Found a staircase to the Lair.
  9315 | D:8      | Noticed a two-headed ogre
  9324 | D:8      | Killed a two-headed ogre
  9567 | D:8      | Reached * piety under Ashenzari
  9866 | D:9      | Reached skill level 11 in Fighting
 10288 | D:9      | Identified the +5 quarterstaff of Nekket {flame, Will+
                  | Str+4 Int-2 Dex+4}
 10507 | D:9      | Noticed a two-headed ogre
 10516 | D:9      | Killed a two-headed ogre
 10517 | D:9      | Reached skill level 12 in Fighting
 10517 | D:9      | Reached XP level 11. HP: 41/95 MP: 6/18
 10872 | D:9      | Noticed Grum
 10882 | D:9      | Reached skill level 1 in Armour
 10882 | D:9      | Killed Grum
 11260 | D:10     | Entered Level 10 of the Dungeon
 11518 | D:10     | Noticed a two-headed ogre
 11539 | D:10     | Killed a two-headed ogre
 11540 | D:10     | Reached skill level 5 in Dodging
 11781 | D:10     | Reached ** piety under Ashenzari
 11783 | D:10     | Identified the +10 flail of Breach {antimagic, Dex+2}
 13192 | D:11     | Noticed an unseen horror
 13202 | D:11     | Killed an unseen horror
 13203 | D:11     | Reached skill level 5 in Armour
 13203 | D:11     | Reached XP level 12. HP: 93/102 MP: 13/19
 13443 | D:11     | Noticed a two-headed ogre
 13451 | D:11     | Killed a two-headed ogre
 13821 | D:11     | Noticed a two-headed ogre
 13834 | D:11     | Killed a two-headed ogre
 14247 | D:11     | Reached skill level 10 in Dodging
 14748 | D:12     | Found a staircase to the Orcish Mines.
 15228 | D:12     | Reached skill level 13 in Fighting
 15289 | D:12     | Found Obydud's Weapon Boutique.
 15874 | Lair:1   | Entered Level 1 of the Lair of Beasts
 16168 | Lair:1   | Reached XP level 13. HP: 111/111 MP: 17/20
 16222 | Lair:1   | Reached *** piety under Ashenzari
 16694 | Lair:1   | Reached skill level 14 in Fighting
 16751 | Lair:1   | Noticed an eight-headed hydra
 16751 | Lair:1   | Noticed a six-headed hydra
 16987 | Orc:1    | Entered Level 1 of the Orcish Mines
 17379 | Orc:1    | Found a bloodstained altar of Trog.
 17380 | Orc:1    | Identified the Catalogue of Retrieval
 17409 | Orc:2    | Entered Level 2 of the Orcish Mines
 17409 | Orc:2    | Noticed an orc warlord
 17545 | Orc:2    | Noticed Azrael
 17571 | Orc:2    | Killed Azrael
 17572 | Orc:2    | Reached skill level 15 in Fighting
 17972 | Orc:1    | Killed an orc warlord
 18208 | Orc:2    | Noticed a minotaur
 18209 | Orc:2    | Identified a scroll of acquirement
 18209 | Orc:2    | Noticed britomartis's ghost (adept OpDe)
 18247 | Orc:2    | Reached skill level 10 in Ice Magic
 18356 | Orc:2    | Found a staircase to the Elven Halls.
 18366 | Orc:2    | Found a runed translucent gate.
 18366 | Orc:2    | Found a runed translucent gate.
 18366 | Orc:2    | Found a runed translucent gate.
 18379 | Orc:2    | Reached **** piety under Ashenzari
 18414 | Orc:2    | Reached skill level 1 in Long Blades
 19120 | Orc:2    | Paralysed by an orc sorcerer for 5 turns
 19129 | Orc:2    | Reached XP level 14. HP: 34/123 MP: 11/21
 19220 | Orc:2    | Noticed an orc warlord
 19268 | Orc:2    | Gained mutation: Your spells are a little easier to cast,
                  | but a little less powerful. [a neqoxec]
 19293 | Orc:2    | Reached skill level 5 in Long Blades
 19453 | Orc:2    | Found Bainkux's General Store.
 19454 | Orc:2    | Found Jaffesut's Jewellery Boutique.
 19456 | Orc:2    | Found Lokoluv's Antique Armour Boutique.
 19456 | Orc:2    | Found Wivajoet's Antique Weapon Shop.
 19504 | Orc:2    | Bought a scroll of blinking for 90 gold pieces
 19504 | Orc:2    | Bought a scroll of identify for 24 gold pieces
 19504 | Orc:2    | Bought a scroll of identify for 24 gold pieces
 19504 | Orc:2    | Bought a scroll of identify for 24 gold pieces
 19514 | Orc:2    | Bought an ichor-stained scale mail for 270 gold pieces
 19514 | Orc:2    | Identified the +4 scale mail of the Wumpus {*Drain Regen+
                  | Str+3} (You bought it in a shop on level 2 of the Orcish
                  | Mines)
 19514 | Orc:2    | Bought a smoking ring mail for 270 gold pieces
 19514 | Orc:2    | Identified the +1 ring mail of Arynn {-Cast rN+++ rCorr
                  | Int-4} (You bought it in a shop on level 2 of the Orcish
                  | Mines)
 19530 | Orc:2    | Bought a shiny helmet for 225 gold pieces
 19540 | Orc:2    | Bought a +2 pair of boots for 198 gold pieces
 19705 | Orc:2    | Killed an orc warlord
 21318 | Lair:2   | Reached ***** piety under Ashenzari
 21363 | Lair:2   | Reached skill level 10 in Long Blades
 22710 | Lair:3   | Found a snail-covered altar of Cheibriados.
 22718 | Lair:3   | Reached XP level 15. HP: 126/129 MP: 19/22
 22974 | Lair:3   | Found a staircase to the Shoals.
 23323 | Lair:4   | Noticed Nessos
 23556 | Lair:4   | Found a staircase to the Snake Pit.
 23582 | Lair:4   | Killed Nessos
 24171 | Lair:4   | Reached ****** piety under Ashenzari
 24511 | Lair:5   | Found a dark tunnel.
 24520 | Volcano  | Entered a volcano
 24579 | Volcano  | Paralysed by an orc sorcerer for 3 turns
 25277 | Lair:5   | Paralysed by a floating eye for 3 turns
 25318 | Lair:5   | Found a staircase to the Slime Pits.
 25565 | Lair:5   | Paralysed by a floating eye for 2 turns
 25582 | Lair:5   | Paralysed by a floating eye for 2 turns
 25588 | Lair:5   | Paralysed by a floating eye for 3 turns
 25598 | Lair:5   | Paralysed by a floating eye for 4 turns
 25606 | Lair:5   | Paralysed by a floating eye for 3 turns
 25612 | Lair:5   | Paralysed by a floating eye for 2 turns
 25654 | Lair:6   | Entered Level 6 of the Lair of Beasts
 25654 | Lair:6   | Noticed Rupert
 26444 | Lair:6   | Reached skill level 1 in Transmutations
 26444 | Lair:6   | Reached skill level 1 in Earth Magic
 26688 | Lair:6   | Reached XP level 16. HP: 81/136 MP: 17/26
 27167 | Lair:6   | Paralysed by Rupert for 4 turns
 27176 | Lair:6   | Paralysed by Rupert for 4 turns
 27188 | Lair:6   | Killed Rupert
 27198 | Lair:6   | Learned a level 6 spell: Statue Form
 27649 | Shoals:1 | Entered Level 1 of the Shoals
 27865 | Shoals:1 | Found a frozen archway.
 27944 | IceCv    | Entered an ice cave
 28248 | Shoals:1 | Noticed Louise
 28274 | Shoals:1 | Killed Louise
 28275 | Shoals:1 | Reached skill level 5 in Transmutations
 28275 | Shoals:1 | Reached skill level 5 in Earth Magic
 29739 | Shoals:2 | Noticed Polyphemus
 29771 | Shoals:2 | Killed Polyphemus
 29792 | Shoals:2 | Noticed Ilsuiw
 30050 | Shoals:2 | Killed Ilsuiw
 30121 | Shoals:2 | Reached XP level 17. HP: 132/142 MP: 25/29
 30702 | Shoals:3 | Found Viangaim's Antique Armour Emporium.
 30939 | Shoals:3 | Learned a level 4 spell: Dispel Undead
 30968 | Shoals:3 | Identified the +11 trident "Uguskej" {vorpal, rElec Will-
                  | Int-3 Stlth+}
 31251 | Shoals:3 | Reached skill level 1 in Necromancy
 31337 | Shoals:3 | Slain by a water elemental

Illustrated notes

Levels and vault maps discovered:
D:1:      minmay_arrival_loop, layout_loops_ring, minmay_misc_feat_cross,
          hangedman_decor_push
D:2:      layout_loops_ring, st_stairs_12, minmay_tetromino_t2
D:3:      layout_rooms, gammafunk_ghost_arena, chequers_serial_rivers_large_b
D:4:      layout_basic, gammafunk_ghost_icy, uniq_duvessa, uniq_natasha
D:5:      layout_basic, chequers_temple_overflow_minitemple, uniq_menkaure
D:6:      layout_basic, serial_rivers, chequers_serial_rivers_micro_b,
          chequers_serial_rivers_marsh, chequers_serial_rivers_marsh,
          chequers_serial_rivers_micro_c
D:7:      layout_loops_ring, eat_drink_and_be_merry_uskayaw,
          nicolae_qazlal_general_emergency, minmay_temple_entry_poolview
D:8:      layout_rooms, david_lair_shrubbed, chequers_garden
D:9:      layout_basic, uniq_grum
D:10:     layout_loops_ring
D:11:     layout_loops_ring, hangedman_decor_peaks_small
D:12:     layout_basic, orc_0_dummy, serial_shops,
          nicolae_shop_competitors_out_of_business,
          chequers_serial_rivers_small_a
Temple:   minmay_freezing_vapour_temple
Lair:1:   layout_cave_pods, lemuel_fruit_tree, lemuel_fruit_fields,
          serial_bayou_shore_a
Lair:2:   regret_index_harrowing_hell_hive, layout_regular_city,
          grunt_megastairs_5
Lair:3:   layout_cave_shapes, minmay_shoals_entry_centaurs,
          kennysheep_snail_temple, grunt_megastairs_3
Lair:4:   layout_regular_city, minmay_snake_entry_guardpost_small, uniq_nessos
Lair:5:   layout_cave_pods, minmay_slime_entry_oklob_open, enter_volcano_3,
          st_stairs_5, disabler_island
Lair:6:   guppyfry_lair_end_dragon, layout_gridlike, serial_bayou_shore_b,
          grunt_megastairs_1, minmay_lair_oklob_chamber, uniq_rupert
Shoals:1: layout_shoals, portal_ice_cave_entry_ice_statue_one, uniq_louise
Shoals:2: cheibrodos_shoals_roost, layout_shoals, uniq_polyphemus, uniq_ilsuiw
Shoals:3: layout_shoals, serial_shops, nicolae_shop_crystal
Orc:1:    layout_caves, trog_book
Orc:2:    st_orc_congregation, layout_diamond_mine,
          maelrawn_ghost_gauntlet_escape, nicolae_orc_damp_corner, uniq_azrael

Skill      XL: |  1  2  3  4  5  6  7  8  9 10 11 12 13 14 15 16 17 |
---------------+----------------------------------------------------+-----
Dodging        | 3 8 10 | 10.2
Stealth        | 3 |  3.1
Spellcasting   | 3 4 5 6 8 |  8.0
Ice Magic      | 5 6 7 8 10 | 10.3
Shields        | 1 4 |  4.4
Fighting       | 2 8 12 13 15 | 15.0
Armour         | 5 6 |  6.3
Long Blades    | 4 11 14 | 14.0
Transmutations | 2 7 8 |  8.7
Earth Magic    | 2 7 8 |  8.6
Necromancy     | 1 |  1.7

Action                   |  1- 3 |  4- 6 |  7- 9 | 10-12 | 13-15 | 16-18 || total
-------------------------+-------+-------+-------+-------+-------+-------++-------
Melee: Unarmed           |     6 |       |       |       |       |       ||     6
       Dagger            |    65 |       |       |       |       |       ||    65
       Spear             |    11 |    75 |    22 |       |       |       ||   108
       Falchion          |       |       |   194 |   389 |  1021 |   704 ||  2308
       Hand axe          |       |       |     1 |       |       |       ||     1
       Scimitar          |       |       |       |       |   100 |   119 ||   219
Throw: Dart              |       |       |       |       |     3 |    29 ||    32
 Cast: Freeze            |    19 |       |       |     6 |       |       ||    25
       Frozen Ramparts   |     1 |    14 |    38 |    56 |   101 |    47 ||   257
       Ozocubu's Armour  |       |     1 |    13 |    30 |    37 |    14 ||    95
       Statue Form       |       |       |       |       |       |     2 ||     2
Invok: Curse Item        |       |       |     5 |     2 |     5 |     1 ||    13
Evoke: Wand              |       |       |       |     6 |    14 |     8 ||    28
  Use: Scroll            |       |       |       |       |    11 |     2 ||    13
       Potion            |       |       |       |       |       |     6 ||     6
 Stab: Sleeping          |     3 |     2 |     2 |     2 |       |       ||     9
       Paralysed         |       |       |       |     8 |       |       ||     8
       Distracted        |       |       |       |       |     1 |     1 ||     2
       Petrified         |       |       |       |       |       |     7 ||     7
       Invisible         |       |       |       |       |       |     3 ||     3
       Petrifying        |       |       |       |       |       |     1 ||     1
Armor: Robe              |    29 |     8 |       |       |       |       ||    37
       Ring mail         |       |       |    55 |    61 |    66 |       ||   182
       Scale mail        |       |       |       |       |   206 |   244 ||   450
       Skin              |       |       |       |       |       |    12 ||    12
Dodge: Dodged            |    58 |    37 |   114 |   261 |   831 |   613 ||  1914
Block: Buckler           |       |       |    83 |   201 |   239 |   174 ||   697
       Reflection        |       |       |     1 |     1 |       |       ||     2
       Rpst.: Falchion   |       |       |    28 |    65 |   216 |   102 ||   411
       Scimitar          |       |       |       |       |    22 |    16 ||    38

Table legend: (Time is in decaauts)
 A = Elapsed time spent in this place.
 B = Non-inter-level travel time spent in this place.
 C = Inter-level travel time spent in this place.
 D = Time resting spent in this place.
 E = Time spent auto-exploring this place.
 F = Levels seen in this place.
 G = Mean time per level.
                   A        B        C        D        E       F      G
               +--------+--------+--------+--------+--------+-----+--------+
         Total |  31509 |  29580 |   1929 |   3418 |  17548 |  26 | 1211.9 |
       Dungeon |  16805 |  15603 |   1202 |   2033 |  10926 |  12 | 1400.4 |
        Temple |     26 |     22 |      4 |      0 |      0 |   1 |   26.0 |
          Lair |   7554 |   7091 |    463 |    369 |   4531 |   6 | 1259.0 |
        Shoals |   3507 |   3383 |    124 |    319 |    919 |   3 | 1169.0 |
  Orcish Mines |   3258 |   3124 |    134 |    653 |   1172 |   2 | 1629.0 |
      Ice Cave |    164 |    164 |      0 |     44 |      0 |   1 |  164.0 |
       Volcano |    193 |    193 |      0 |      0 |      0 |   1 |  193.0 |
               +--------+--------+--------+--------+--------+-----+--------+

Top non-repeatable levels by time:
   Orc:2: 2186 daAuts
    D:11: 2052 daAuts
     D:8: 1930 daAuts
     D:9: 1597 daAuts
    D:12: 1511 daAuts
  Lair:6: 1500 daAuts
     D:6: 1426 daAuts
     D:1: 1423 daAuts
  Lair:1: 1405 daAuts
Shoals:1: 1347 daAuts
  Lair:3: 1338 daAuts
Shoals:2: 1295 daAuts
     D:4: 1280 daAuts
    D:10: 1266 daAuts
  Lair:2: 1258 daAuts
